 Dungeon Crawl Stone Soup version 0.30-a0-458-g86641cc369 (webtiles) character file.

Game seed: 18220059535858855695

27104 Ijustatesigmund the Fighter (level 13, -14/102 HPs)
             Began as a Djinni Fire Elementalist on Dec 14, 2022.
             Was an Elder of Cheibriados.
             Shot with an arrow by a centaur warrior (25 damage)
             ... on level 13 of the Dungeon.
             The game lasted 00:44:23 (13688 turns).

Ijustatesigmund the Fighter (DjFE)                 Turns: 13688, Time: 00:44:23

Health: -14/102    AC: 10    Str: 17    XL:     13   Next: 63%
Gold:   1610       EV: 21    Int: 34    God:    Cheibriados [****..] SH:  8 Dex: 29

rFire   + + +      SeeInvis .    c - +8 sling "Aghuf" {elec, rC+ rN+++ Int+3 Dex-2}
rCold   . . .      Faith    .    w - +1 buckler
rNeg    + + +      Spirit   .    a - +2 robe {rF+}
rPois   ∞          Reflect  .    m - +2 hat
rElec   .          Harm     .    F - +1 cloak
rCorr   .          Rampage  .    o - +1 pair of gloves "Xiwel" {rPois Regen+ Dex+6 Stlth-}
Will    ++...                    (boots unavailable)
Stlth   ++........               (no amulet)
HPRegen 1.17/turn                t - +4 ring of evasion
MPRegen 0.00/turn                b - ring of willpower

@: flying, very slow
A: sickness immunity, fire resistance 2, cold vulnerability 1, float, innate
caster, HP casting, extra vitality 1
a: Renounce Religion, Bend Time, Temporal Distortion, Slouch


You were on level 13 of the Dungeon.
You worshipped Cheibriados.
Cheibriados was greatly pleased with you.
You visited 2 branches of the dungeon, and saw 14 of its levels.
You also visited: Bailey.

You collected 1785 gold pieces.
You spent 175 gold pieces at shops.

Inventory:

Hand Weapons
 c - the +8 sling "Aghuf" (weapon) {elec, rC+ rN+++ Int+3 Dex-2}
   (You found it on level 3 of the Dungeon)

   Any ammunition fired from it occasionally discharges a powerful burst of
   electricity upon striking a foe.
   Int:       It affects your intelligence (+3).
   Dex:       It affects your dexterity (-2).
   rC:        It protects you from cold.
   rN:        It renders you almost immune to negative energy.
 d - a +1 spectral rapier
 p - a +1 short sword of flaming
 E - a +1 demon whip of venom
 G - the +6 dagger of the Gibberer {freeze, *Rage rElec rN+ Str+2}
   (You found it on level 10 of the Dungeon)

   It freezes those it strikes, dealing additional cold damage.
   It can also slow down cold-blooded creatures.
   Str:       It affects your strength (+2).
   rElec:     It insulates you from electricity.
   rN:        It protects you from negative energy.
   *Rage:     It berserks you when you make melee attacks (+20% chance).
 K - the +4 sling of the King {freeze, Fragile Will+ rCorr Int+7}
   (You found it on level 10 of the Dungeon)

   Any ammunition fired from it freezes those it strikes, dealing additional
   cold damage.
   It can also slow down cold-blooded creatures.
   Int:       It affects your intelligence (+7).
   rCorr:     It protects you from acid and corrosion.
   Fragile:   It will be destroyed if unequipped.
   Will:      It increases your willpower.
 L - a +5 vorpal broad axe
Missiles
 s - 3 throwing nets
Armour
 a - a +2 robe of fire resistance (worn)
 m - a +2 hat (worn)
 o - the +1 pair of gloves "Xiwel" (worn) {rPois Regen+ Dex+6 Stlth-}
   (You acquired it on level 5 of the Dungeon)

   Dex:       It affects your dexterity (+6).
   rPois:     It protects you from poison.
   Regen:     It increases your rate of health regeneration.
   Stlth:     It makes you less stealthy.
 q - a +0 leather armour of cold resistance
 w - a +1 buckler (worn)
 F - a +1 cloak (worn)
Jewellery
 b - a ring of willpower (right hand)
 f - a ring of protection from fire
 g - a ring of ice
 t - a +4 ring of evasion (left hand)
 x - a ring of protection from cold
 C - a ring of ice
 D - a ring of ice
 P - a ring of protection from fire
Wands
 e - a wand of roots (12)
 u - a wand of charming (16)
 H - a wand of flame (19)
 O - a wand of polymorph (2)
Scrolls
 r - a scroll of fog
 y - 4 scrolls of teleportation
 I - a scroll of enchant armour
 J - 3 scrolls of enchant weapon
 M - a scroll of poison
 N - a scroll of immolation
 R - a scroll of silence
Potions
 h - a potion of attraction
 i - 9 potions of curing
 j - a potion of resistance
 k - 4 potions of lignification
 l - a potion of ambrosia
 n - 5 potions of cancellation
 z - a potion of mutation
 A - 5 potions of heal wounds
 Q - a potion of might {unknown}
Miscellaneous
 B - a phial of floods


   Skills:
 + Level 12.9 Fighting
 - Level 5.3 Ranged Weapons
 + Level 5.9 Dodging
 - Level 1.5 Stealth
 - Level 6.0 Shields
 + Level 10.4 Spellcasting
 + Level 7.5 Invocations


You couldn't memorise any spells.
You knew the following spells:

 Your Spells              Type           Power      Damage    Failure   Level
a - Foxfire               Conj/Fire      100%       2x1d9     1%          1
b - Scorch                Fire           100%       2d10      1%          2
c - Kindle Blastsparks    Fire/Tloc/Air  100%       2d18      1%          3
d - Inner Flame           Hex/Fire       73%        N/A       1%          3
e - Flame Wave            Conj/Fire      73%        2d16      1%          4
f - Magic Dart            Conj           100%       1d8       1%          1
g - Momentum Strike       Conj/Tloc      100%       3d10      1%          2
h - Vampiric Draining     Necr           73%        2d11      1%          3
i - Call Canine Familiar  Summ           73%        N/A       1%          3
j - Lee's Rapid Deconstr  Erth           36%        3d18*     1%          5
k - Irradiate             Conj/Tmut      36%        3d23      1%          5
Your spell library was empty.

Dungeon Overview and Level Annotations

Branches:
Dungeon (13/15)            Temple (1/1) D:7            Lair (0/5) D:9
    Orc (0/2) D:10         Bailey (visited)
 Vaults: D:13-14

Altars:
Ashenzari
Cheibriados
Dithmenos
Elyvilon
Fedhas
Gozag
Hepliaklqana
Makhleb
Nemelex Xobeh
Okawaru
Qazlal
Ru
Trog
Uskayaw
Wu Jian
Xom
Yredelemnul
Zin
The Shining One

Shops:
D:3 *   D:4 (

Annotations:
D:5 Menkaure
D:8 2 runed translucent doors


Innate Abilities, Weirdness & Mutations

You are immune to sickness and miasma.
You are immune to poison.
Your flesh is very heat resistant. (rF++)
You are vulnerable to cold. (rC-)
You float through the air rather than walking.
You learn spells naturally, not from books.
Your magical power is your life essence.
You have superior vitality. (+4 MHP)


Message History

The centaur warrior shoots an arrow.
You block the arrow.
You are too injured to fight recklessly!
Unknown command.
You are too injured to fight recklessly!
Fire: c) +8 sling "Aghuf" {elec, rC+ rN+++ Int+3 Dex-2}
Press: ? - help, Q - select action, (/) - cycle Shift-Dir - straight line, f/p - centaur warrior
Aim: a centaur warrior, wielding a +0 longbow (almost dead, 80% to hit)
You shoot a sling bullet.
The sling bullet barely misses the centaur warrior.
The centaur warrior shoots an arrow.
The arrow hits you!
Fire: c) +8 sling "Aghuf" {elec, rC+ rN+++ Int+3 Dex-2}
Press: ? - help, Q - select action, (/) - cycle Shift-Dir - straight line, f/p - centaur warrior
Aim: a centaur warrior, wielding a +0 longbow (almost dead, 80% to hit)
You shoot a sling bullet.
The sling bullet hits the centaur warrior.
Lightning courses through the centaur warrior!
You kill the centaur warrior!
Cheibriados appreciates the change of pace.
The centaur warrior shoots an arrow.
The arrow misses you.
The centaur warrior shoots an arrow.
You block the arrow.
Fire: c) +8 sling "Aghuf" {elec, rC+ rN+++ Int+3 Dex-2}
Press: ? - help, Q - select action, (/) - cycle Shift-Dir - straight line, f - centaur warrior
Aim: a centaur warrior, wielding a +0 longbow (80% to hit)
You shoot a sling bullet.
The sling bullet hits the centaur warrior!
The centaur warrior is moderately wounded.
The centaur warrior shoots an arrow.
You block the arrow.
The centaur warrior shoots an arrow.
The arrow closely misses you.
Fire: c) +8 sling "Aghuf" {elec, rC+ rN+++ Int+3 Dex-2}
Press: ? - help, Q - select action, (/) - cycle Shift-Dir - straight line, f/p - centaur warrior
Aim: a centaur warrior, wielding a +0 longbow (moderately wounded, 80% to hit)
You shoot a sling bullet.
The sling bullet hits the centaur warrior!
The centaur warrior is heavily wounded.
The centaur warrior shoots an arrow.
The arrow hits you!
* * * LOW HITPOINT WARNING * * *
The centaur warrior shoots an arrow.
The arrow hits you!
* * * LOW HITPOINT WARNING * * *
The centaur warrior shoots an arrow.
The arrow hits you!!
You die...

#....# #..).#
#....# #..c.#
#..). #...#
#...######
#...@....#
#........######
#..............
#.....).).....
#.............
#...##...##...
#...##...#
#...#...<##
#...
#...#....†# #..


You could see a centaur warrior.

Vanquished Creatures
  Harold (D:11)
  Fannar (D:11)
  A hydra (D:13)
  2 centaur warriors (D:13)
  3 boulder beetles
  5 two-headed ogres
  Amaemon (D:9)
  3 skeletal warriors (D:12)
  4 lindwurms (D:10)
  An orc knight (Bailey)
  2 cyclopes
  A manticore (D:13)
  An ugly thing (D:13)
  An orange demon (D:9)
  A gargoyle (D:12)
  Maggie (D:7)
  2 unseen horrors
  A tengu conjurer (D:8)
  An efreet (D:13)
  2 trolls
  Grinder (D:3)
  2 hornets
  5 slime creatures (D:10)
  2 shadows
  A wraith (D:12)
  2 vampires (D:12)
  A wyvern (D:10)
  9 yaks
  7 vampire mosquitoes
  2 acid dragons
  Duvessa (D:4)
  3 water moccasins
  14 orc warriors
  A black bear (D:8)
  3 ice beasts
  2 sky beasts
  2 ogres
  5 centaurs
  2 phantoms (D:5)
  2 bullfrogs
  A gnoll sergeant (D:6)
  A kobold brigand (D:9)
  2 necrophages
  A wyvern zombie (D:5)
  3 scorpions
  14 wights
  Dowan (D:4)
  12 killer bees
  An electric eel (D:11)
  2 howler monkeys
  2 jellies (D:7)
  2 bullfrog zombies (D:5)
  A centaur zombie (D:5)
  7 hounds
  A bullfrog skeleton (D:5)
  5 orc priests
  2 gnoll boudas
  3 iguanas
  9 orc wizards
  A hound zombie (D:5)
  A howler monkey zombie (D:5)
  9 adders
  27 gnolls
  A howler monkey skeleton (D:5)
  A shadow imp (D:8)
  A white imp (D:8)
  An ufetubus (D:5)
  4 dart slugs
  60 orcs
  3 bats
  7 endoplasms
  3 giant cockroaches
  5 goblins
  5 hobgoblins
  6 jackals
  20 kobolds
  2 quokkas
  7 ball pythons
  6 frilled lizards
  7 rats
349 creatures vanquished.

Vanquished Creatures (collateral kills)
  A gnoll bouda (D:7)
  2 gnolls (D:7)
3 creatures vanquished.

Vanquished Creatures (others)
  A hound (D:7)
  110 foxfires
  2 withered plants (D:5)
113 creatures vanquished.

Grand Total: 465 creatures vanquished

Notes
Turn   | Place    | Note
-------+----------+-------------------------------------------
     0 | D:1      | Ijustatesigmund the Djinni Fire Elementalist began the
                  | quest for the Orb.
     0 | D:1      | Ijustatesigmund set off with the following spells
                  | memorised: Foxfire, Scorch, Kindle Blastsparks, Inner
                  | Flame, Flame Wave.
     0 | D:1      | Reached XP level 1. HP: 15/15 MP: 0/0
   217 | D:1      | Reached skill level 1 in Fighting
   217 | D:1      | Reached XP level 2. HP: 21/22 MP: 0/0
   646 | D:1      | Reached XP level 3. HP: 22/27 MP: 0/0
   646 | D:1      | Learned a level 1 spell: Magic Dart
  1146 | D:2      | Reached skill level 2 in Fighting
  1335 | D:2      | Reached XP level 4. HP: 24/33 MP: 0/0
  1386 | D:2      | Found a basalt altar of Yredelemnul.
  2115 | D:3      | Noticed Grinder
  2126 | D:3      | Killed Grinder
  2127 | D:3      | Reached skill level 4 in Fighting
  2127 | D:3      | Reached XP level 5. HP: 28/41 MP: 0/0
  2127 | D:3      | Learned a level 2 spell: Momentum Strike
  2127 | D:3      | Reached XP level 6. HP: 32/47 MP: 0/0
  2374 | D:3      | Found Rerob's Assorted Antiques.
  2383 | D:3      | Bought a brown potion for 20 gold pieces
  2383 | D:3      | Bought a dark potion for 20 gold pieces
  2383 | D:3      | Bought a bubbling inky potion for 20 gold pieces
  2516 | D:3      | Identified the +8 sling "Aghuf" {elec, rC+ rN+++ Int+3
                  | Dex-2}
  2949 | D:4      | Reached XP level 7. HP: 53/53 MP: 0/0
  2949 | D:4      | Learned a level 3 spell: Vampiric Draining
  3203 | D:4      | Reached skill level 5 in Fighting
  3483 | D:4      | Noticed Dowan
  3487 | D:4      | Killed Dowan
  3487 | D:4      | Noticed Duvessa
  3488 | D:4      | Reached skill level 5 in Spellcasting
  3500 | D:4      | Killed Duvessa
  3501 | D:4      | Reached skill level 1 in Ranged Weapons
  3501 | D:4      | Reached XP level 8. HP: 21/61 MP: 0/0
  3694 | D:4      | Found Zoviffig's Antique Weapon Emporium.
  4011 | D:3      | Bought a large gilded ring for 115 gold pieces
  4047 | D:5      | Entered Level 5 of the Dungeon
  4083 | D:5      | Reached skill level 6 in Fighting
  4498 | D:5      | Identified a scroll of acquirement
  4498 | D:5      | Acquired the +1 pair of gloves "Xiwel" {rPois Regen+ Dex+6
                  | Stlth-}
  4536 | D:5      | Noticed Menkaure
  4959 | D:5      | Found a large runed translucent door.
  4965 | D:5      | Found a large runed translucent door.
  5071 | D:5      | Reached XP level 9. HP: 67/67 MP: 0/0
  5071 | D:5      | Learned a level 3 spell: Call Canine Familiar
  5363 | D:5      | Reached skill level 7 in Fighting
  5363 | D:5      | Found a white marble altar of Elyvilon.
  5366 | D:5      | Found a hazy altar of Hepliaklqana.
  5538 | D:6      | Found a glowing golden altar of the Shining One.
  5786 | D:6      | Noticed a hornet
  5791 | D:6      | Killed a hornet
  5792 | D:6      | Reached skill level 1 in Shields
  6389 | D:7      | Reached skill level 8 in Fighting
  6452 | D:7      | Reached XP level 10. HP: 76/76 MP: 0/0
  6835 | D:7      | Noticed Maggie
  6841 | D:7      | Killed Maggie
  6862 | D:7      | Reached skill level 9 in Fighting
  6877 | D:7      | Found a staircase to the Ecumenical Temple.
  7532 | D:8      | Found a flagged portal.
  7548 | Bailey   | Entered a bailey
  7555 | Bailey   | Noticed an orc knight
  7591 | Bailey   | Reached skill level 5 in Shields
  7919 | Bailey   | Killed an orc knight
  7920 | Bailey   | Reached XP level 11. HP: 84/84 MP: 0/0
  7920 | Bailey   | Learned a level 5 spell: Lee's Rapid Deconstruction
  8052 | D:8      | Found a large runed translucent door.
  8052 | D:8      | Found a large runed translucent door.
  8150 | D:8      | Noticed a two-headed ogre
  8164 | D:8      | Killed a two-headed ogre
  8370 | D:8      | Reached skill level 10 in Fighting
  8454 | Temple   | Entered the Ecumenical Temple
  8734 | Temple   | Became a worshipper of Cheibriados the Contemplative
  8926 | D:8      | Found a large runed translucent door.
  8926 | D:8      | Found a large runed translucent door.
  9106 | D:8      | Noticed a cyclops
  9117 | D:8      | Killed a cyclops
  9339 | D:8      | Identified the +0 leather armour of the Harvest {-Cast rC+
                  | Str+4}
  9361 | D:9      | You are sucked into a shaft and drop 1 floor!
  9361 | D:10     | Entered Level 10 of the Dungeon
  9440 | D:10     | Reached skill level 5 in Ranged Weapons
  9497 | D:9      | Reached * piety under Cheibriados
  9771 | D:9      | Noticed Amaemon
  9789 | D:9      | Killed Amaemon
  9790 | D:9      | Reached skill level 1 in Invocations
  9832 | D:9      | Found a staircase to the Lair.
 10330 | D:10     | Reached ** piety under Cheibriados
 10374 | D:10     | Reached skill level 11 in Fighting
 10381 | D:10     | Reached XP level 12. HP: 60/94 MP: 0/0
 10466 | D:10     | Found a staircase to the Orcish Mines.
 10549 | D:10     | Identified the +6 dagger of the Gibberer {freeze, *Rage
                  | rElec rN+ Str+2}
 10553 | D:10     | Identified the +4 sling of the King {freeze, Fragile Will+
                  | rCorr Int+7}
 10842 | D:11     | Noticed a two-headed ogre
 11079 | D:11     | Killed a two-headed ogre
 11132 | D:11     | Noticed Fannar
 11144 | D:11     | Noticed a two-headed ogre
 11147 | D:11     | Killed Fannar
 11147 | D:11     | Noticed a two-headed ogre
 11148 | D:11     | Reached skill level 5 in Invocations
 11154 | D:11     | Killed a two-headed ogre
 11157 | D:11     | Killed a two-headed ogre
 11158 | D:11     | Reached skill level 12 in Fighting
 11299 | D:11     | Noticed a two-headed ogre
 11306 | D:11     | Killed a two-headed ogre
 11337 | D:11     | Reached *** piety under Cheibriados
 11582 | D:11     | Found a stormy altar of Qazlal.
 11766 | D:11     | Noticed Harold
 11775 | D:11     | Killed Harold
 12073 | D:12     | Noticed a boulder beetle
 12079 | D:12     | Reached XP level 13. HP: 100/101 MP: 0/0
 12079 | D:12     | Learned a level 5 spell: Irradiate
 12202 | D:12     | Reached skill level 10 in Spellcasting
 13153 | D:13     | Noticed a centaur warrior
 13157 | D:13     | Reached skill level 5 in Dodging
 13157 | D:13     | Killed a centaur warrior
 13157 | D:13     | Reached **** piety under Cheibriados
 13528 | D:13     | Noticed a seven-headed hydra
 13536 | D:13     | Killed a seven-headed hydra
 13679 | D:13     | Noticed a centaur warrior
 13683 | D:13     | Noticed a centaur warrior
 13685 | D:13     | Killed a centaur warrior
 13688 | D:13     | Shot with an arrow by a centaur warrior

Illustrated notes

Levels and vault maps discovered:
D:1:      giann_bridges, layout_basic
D:2:      layout_basic, basic_altar
D:3:      layout_basic, serial_shops, nicolae_lakefront_shop, uniq_grinder
D:4:      layout_basic, serial_shops, nicolae_shop_statue_plus,
          chequers_serial_rivers_large_a, uniq_duvessa
D:5:      minmay_skewed_foursquare, layout_loops_ring, jmf_multi_god_temple2,
          serial_undead, serial_undead_d, serial_undead_b, serial_undead_b,
          serial_undead_c, grunt_decor_clamped, uniq_menkaure
D:6:      layout_basic, mainiacjoe_overflow_six_doors_small, grunt_ministairs_1
D:7:      layout_basic, minmay_temple_entry_from_below_a,
          chequers_serial_rivers_micro_c, uniq_maggie
D:8:      layout_loops_ring, enter_bailey_6, minmay_hollow_rounded_squares
D:9:      layout_basic, dpeg_oklobed_lair, minmay_fountain_box,
          blue_anna_alchemist, uniq_amaemon
D:10:     layout_irregular_city, orc_david_3, minmay_lindwurm_lava
D:11:     layout_small_grid, st_stairs_2, fungi_pond_lemuel,
          nicolae_qazlal_eye_of_the_storm, uniq_harold, uniq_fannar
D:12:     layout_roguey, gauntlet_entry_generic
D:13:     layout_gridville, grunt_vaults_entry_tiered, special_room
          [special_room_orc], grunt_ministairs_6, uniq_kirke
Temple:   compressed_dpeg_triangle_lava_temple

Skill      XL: |  1  2  3  4  5  6  7  8  9 10 11 12 13 |
---------------+----------------------------------------+-----
Fighting       | 1 2 4 5 6 8 9 11 12 | 12.9
Spellcasting   | 3 4 5 6 7 8 9 10 | 10.4
Ranged Weapons | 1 2 3 5 |  5.3
Shields        | 3 5 6 |  6.0
Invocations    | 2 6 7 |  7.5
Dodging        | 3 5 |  5.9
Stealth        | |  1.5

Action                   |  1- 3 |  4- 6 |  7- 9 | 10-12 | 13-15 || total
-------------------------+-------+-------+-------+-------+-------++-------
Melee: Short sword       |       |     5 |       |       |       ||     5
       Rapier            |       |     2 |       |       |       ||     2
 Fire: Sling             |       |    15 |   168 |   399 |   103 ||   685
 Cast: Foxfire           |    42 |    22 |     1 |       |     2 ||    67
       Scorch            |    25 |    21 |    28 |    25 |    23 ||   122
       Kindle Blastspark |       |     1 |     2 |     7 |       ||    10
       Vampiric Draining |       |       |     5 |       |       ||     5
       Flame Wave        |       |       |    11 |    19 |    11 ||    41
       Call Canine Famil |       |       |       |     6 |       ||     6
       Momentum Strike   |       |       |       |     1 |       ||     1
       Lee's Rapid Decon |       |       |       |     5 |     1 ||     6
       Irradiate         |       |       |       |       |    15 ||    15
Invok: Bend Time         |       |       |       |     1 |       ||     1
  Use: Potion            |       |     1 |     2 |     1 |       ||     4
       Scroll            |       |     7 |     9 |    14 |     4 ||    34
Armor: Robe              |       |    13 |    34 |    53 |    22 ||   122
Dodge: Dodged            |    11 |    30 |    92 |   184 |    90 ||   407
Block: Buckler           |       |       |     3 |    82 |    35 ||   120

Table legend: (Time is in decaauts)
 A = Elapsed time spent in this place.
 B = Non-inter-level travel time spent in this place.
 C = Inter-level travel time spent in this place.
 D = Time resting spent in this place.
 E = Time spent auto-exploring this place.
 F = Levels seen in this place.
 G = Mean time per level.
                   A        B        C        D        E       F      G
               +--------+--------+--------+--------+--------+-----+--------+
         Total |  15150 |  14622 |    528 |   2394 |   9568 |  15 | 1010.0 |
       Dungeon |  14387 |  13893 |    494 |   2394 |   9177 |  13 | 1106.7 |
        Temple |    293 |    260 |     33 |      0 |    248 |   1 |  293.0 |
        Bailey |    470 |    470 |      0 |      0 |    143 |   1 |  470.0 |
               +--------+--------+--------+--------+--------+-----+--------+

Top non-repeatable levels by time:
    D:12: 1739 daAuts
     D:5: 1359 daAuts
     D:4: 1255 daAuts
     D:8: 1246 daAuts
    D:11: 1217 daAuts
    D:10: 1204 daAuts
     D:7: 1182 daAuts
     D:2: 1093 daAuts
     D:9: 1032 daAuts
     D:6: 986 daAuts
     D:1: 860 daAuts
     D:3: 853 daAuts
  Bailey: 470 daAuts
    D:13: 358 daAuts
  Temple: 293 daAuts
